 Dungeon Crawl Stone Soup version 0.29.1-13-g9f3cf754e1 (webtiles) character file.

Game seed: 7838360227657715326

56 bjubeck the Shield-Bearer (level 3, -2/33 HPs)
             Began as a Minotaur Fighter on Feb 3, 2023.
             Slain by a gnoll
             ... wielding a +0 spear
              (7 damage)
             ... on level 3 of the Dungeon.
             The game lasted 00:03:06 (1788 turns).

bjubeck the Shield-Bearer (Minotaur Fighter)        Turns: 1788, Time: 00:03:06

Health: -2/33      AC:  7    Str: 22    XL:     3   Next: 69%
Magic:  2/2        EV:  9    Int: 11    God:
Gold:   137        SH:  4    Dex:  9    Spells: 2/2 levels left

rFire   . . .      SeeInvis .   a - +0 war axe
rCold   . . .      Faith    .   c - +0 buckler
rNeg    . . .      Spirit   .   b - +0 scale mail
rPois   .          Reflect  .   (helmet restricted)
rElec   .          Harm     .   (no cloak)
rCorr   .          Rampage  .   (no gloves)
Will    .....                   (no boots)
Stlth   ..........              (no amulet)
HPRegen 0.11/turn               n - +6 ring of intelligence
MPRegen 0.08/turn               (no ring)

@: no status effects
A: horns 2, retaliatory headbutt
a: no special abilities


You were on level 3 of the Dungeon.
You visited 1 branch of the dungeon, and saw 3 of its levels.

You collected 137 gold pieces.

Inventory:

Hand Weapons
 a - a +0 war axe (weapon)
Missiles
 i - 3 boomerangs (quivered)
 k - 10 poisoned darts
Armour
 b - a +0 scale mail (worn)
 c - a +0 buckler (worn)
Jewellery
 n - a +6 ring of intelligence (left hand)
Scrolls
 e - a scroll of teleportation {unknown}
 f - 3 scrolls of vulnerability {unknown}
 g - 2 scrolls of immolation {unknown}
 j - a scroll of amnesia {unknown}
 l - a scroll of blinking {unknown}
 o - a scroll of poison {unknown}
Potions
 d - a potion of might
 h - a potion of flight {unknown}
 m - 2 potions of attraction {unknown}
 p - a potion of curing {unknown}


   Skills:
 + Level 4.2 Fighting
 + Level 3.2 Axes
 + Level 4.2 Armour
 + Level 4.2 Shields


You had 2 spell levels left.
You didn't know any spells.
Your spell library contained the following spells:

 Spells                   Type           Power      Damage    Failure   Level
 Sandblast                Erth           0%         2d4       75%         1
 Passwall                 Tmut/Erth      0%         N/A       87%         2
 Stone Arrow              Conj/Erth      0%         3d7       98%         3


Dungeon Overview and Level Annotations

Branches:
Dungeon (3/15)

Altars:

Annotations:
D:3 2 transporters, Hobbittoes's ghost, weakling MiFi


Innate Abilities, Weirdness & Mutations

You have a pair of horns on your head.
You reflexively headbutt those who attack you in melee.


Message History

Found a transporter.
Found a stone staircase leading down.
There is a transporter landing site here.
You hear the quick rusting of a very distant drain.
Found a transporter.
Found a blue potion.
Hobbittoes's ghost turns its malevolent gaze towards you.
You hear the rapid rusting of a very distant drain.
Hobbittoes's ghost laughs, "And you think you're capable of finding the ORB?
I had it, you know.
Then I gave it away so I could steal it AGAIN."
Found a scroll labelled PAGRUV BEETH. 2 gnolls come into view.
The gnoll shouts!
Found a stone staircase leading up.
The frilled lizard hisses angrily.
Found four items.
A gnoll comes into view. It is wielding a +0 halberd.
The gnoll shouts!
You hit the gnoll.
The gnoll is moderately wounded.
The gnoll hits you with a +0 club.
You barely miss the gnoll.
The gnoll is moderately wounded.
The gnoll hits you from afar with a +0 spear.
The gnoll closely misses you. You furiously retaliate!
You headbutt the gnoll!
You kill the gnoll!
You block the gnoll's attack.
You slash the gnoll!
The gnoll is severely wounded.
You block the gnoll's attack. The gnoll hits you with a +0 spear.
The gnoll closely misses you. The gnoll hits you with a +0 spear.
You hit the gnoll.
The gnoll is severely wounded.
The gnoll hits you with a +0 spear. You block the gnoll's attack.
You closely miss the gnoll.
The gnoll is severely wounded.
The gnoll hits you from afar with a +0 halberd!
* * * LOW HITPOINT WARNING * * *
You block the gnoll's attack. The gnoll attacks as you move away!
The gnoll hits you with a +0 spear!
You die...

.....#...#####.#....#.#.
....#...#.. .<..#.##.## #
#..#...#.# #..####.?.#
.#8#..#...#.###.##l...(..
...!.Z#...#......####...#
©....Z#©..#.......#.##.##
.....W#.........g....#.#.
.#8#..#..##.####g#..##?##
.###..#..##.# #@#...###.
......#..##.# #.###..#..
....Z.#..##.# #.# #...#
#######..##.# #.# ####
.........##.# ...
.........##.# #..
######.### #### #.# #.#


You could see 2 gnolls and a frilled lizard.

Vanquished Creatures
  A gnoll (D:3)
  An adder (D:3)
  A worm (D:3)
  2 dart slugs
  3 bats
  4 endoplasms
  A hobgoblin (D:1)
  5 kobolds
  3 quokkas
  5 ball pythons
  A frilled lizard (D:2)
  A rat (D:2)
28 creatures vanquished.

Notes
Turn   | Place    | Note
-------+----------+-------------------------------------------
     0 | D:1      | bjubeck the Minotaur Fighter began the quest for the Orb.
     0 | D:1      | Reached XP level 1. HP: 19/19 MP: 0/0
   234 | D:1      | Reached XP level 2. HP: 27/27 MP: 1/1
   326 | D:1      | Found a faded altar of an unknown god.
   933 | D:2      | Reached XP level 3. HP: 33/33 MP: 2/2
  1700 | D:3      | Noticed a necrophage
  1703 | D:3      | Found a transporter.
  1759 | D:3      | Found a transporter.
  1763 | D:3      | Noticed Hobbittoes's ghost (weakling MiFi)
  1788 | D:3      | Slain by a gnoll

Illustrated notes

Levels and vault maps discovered:
D:1:      scummos_arrival_checkerplants, layout_basic,
          ebering_ecumenical_altar_box
D:2:      layout_loops_ring
D:3:      layout_basic, mainiacjoe_overflow_small_starburst,
          gammafunk_ghost_mausoleum, gup_sewer_entry_spiral,
          minmay_fractal_squares_gapless_5

Skill      XL: |  1  2 |
---------------+-------+-----
Armour         | 4 |  4.2
Shields        | 4 |  4.2
Fighting       | 4 |  4.2
Axes           | 3 |  3.2

Action                   || total
-------------------------++-------
Melee: War axe           ||    57
       Headbutt          ||     7
Armor: Scale mail        ||    26
Dodge: Dodged            ||    21
Block: Buckler           ||    11
